 Dungeon Crawl Stone Soup version 0.28-a0-1435-g82390b3a13 (webtiles) character file.

Game seed: 5069948171096927603

406 anonymouscript the Sneak (level 6, -5/30 HPs)
             Began as a Spriggan Brigand on Jan 9, 2022.
             Was a Follower of Okawaru.
             Slain by an ice beast (9 damage)
             ... on level 6 of the Dungeon.
             The game lasted 00:29:56 (4684 turns).

anonymouscript the Sneak (Spriggan Brigand)         Turns: 4684, Time: 00:29:57

Health: -5/30      AC:  7    Str:  7    XL:     6   Next: 56%
Magic:  2/10       EV: 27    Int: 13    God:    Okawaru [*.....]
Gold:   136        SH:  0    Dex: 18    Spells: 3/9 levels left

rFire   . . .      SeeInvis +   a - +2 dagger
rCold   . . .      Faith    .   k - orb {light}
rNeg    . . .      Spirit   .   b - +0 robe
rPois   .          Reflect  .   (helmet restricted)
rElec   .          Harm     .   c - +0 cloak
rCorr   .          Rampage  .   (gloves unavailable)
Will    +....                   (boots unavailable)
Stlth   ++........              (no amulet)
HPRegen 0.10/turn               s - +4 ring of evasion
MPRegen 0.12/turn               j - +4 ring of protection

@: heroic, glowing, studying Short Blades, very quick
A: very small, no large weapons, unfitting armour, see invisible, speed 3
a: Renounce Religion, Heroism


You were on level 6 of the Dungeon.
You worshipped Okawaru.
Okawaru was aware of your devotion.
You visited 1 branch of the dungeon, and saw 6 of its levels.

You collected 136 gold pieces.

Inventory:

Hand Weapons
 a - a +2 dagger (weapon)
 i - a +1 dagger of flaming
Missiles
 d - 25 poisoned darts
 e - 30 stones (quivered)
Armour
 b - a +0 robe (worn)
 c - a +0 cloak (worn)
 k - an orb of light (worn)
 l - a +0 buckler
 r - the +0 cloak of the Lily {Harm *Corrode rPois MP+9}
   (You found it on level 4 of the Dungeon)

   rPois:     It protects you from poison.
   MP:        It affects your magic capacity (+9).
   *Corrode:  It may corrode you when you take damage.
   Harm:      It increases damage dealt and taken.
Magical Staves
 h - a staff of fire
Jewellery
 j - a +4 ring of protection (right hand)
 m - a ring of protection from fire
 s - a +4 ring of evasion (left hand)
Scrolls
 f - a scroll of noise {unknown}
 q - a scroll of amnesia
 t - a scroll of fog {unknown}
Potions
 g - a potion of cancellation {unknown}
 o - a potion of invisibility {unknown}


   Skills:
 + Level 2.2(7.2) Fighting
 + Level 4.1(9.1) Short Blades
 + Level 3.0(8.0) Throwing
 + Level 3.7(8.7) Dodging
 + Level 7.5(12.5) Stealth
 + Level 2.1 Spellcasting
 * Level 1.0 Air Magic
 * Level 1.3 Poison Magic


You had 3 spell levels left.
You knew the following spells:

 Your Spells              Type           Power      Damage    Failure   Level
a - Poisonous Vapours     Pois/Air       8%         N/A       24%         2
b - Magic Dart            Conj           4%         1d3       26%         1
c - Mephitic Cloud        Conj/Pois/Air  3%         N/A       50%         3

Your spell library contained the following spells:

 Spells                   Type           Power      Damage    Failure   Level
 Corpse Rot               Necr/Air       4%         N/A       30%         2
 Call Imp                 Summ           Unusable   N/A       N/A         2

Dungeon Overview and Level Annotations

Branches:
Dungeon (6/15)
 Temple: D:4-7

Altars:
Okawaru

Shops:
D:2 (   D:3 =


Innate Abilities, Weirdness & Mutations

You are very small and have problems with some larger weapons.
You are too small for most types of armour.
You have supernaturally acute eyesight. (SInv)
You cover ground extremely quickly. (Speed+++)


Message History

The ice beast misses you.
You hit the ice beast but do no damage.
The ice beast is lightly wounded.
The ice beast hits you. The ice beast freezes you!
* * * LOW HITPOINT WARNING * * *
You barely miss the ice beast.
The ice beast is lightly wounded.
The ice beast misses you.
You hit the ice beast.
The ice beast is moderately wounded.
You barely miss the ice beast.
The ice beast is moderately wounded.
The ice beast hits you but does no damage.
Throw: 34 stones
Press: ? - help, Q - select action, (/) - cycle Shift-Dir - straight line, f/p - ice beast
Aim: an ice beast (moderately wounded, haloed, 83% to hit)
You throw a stone. The stone hits the ice beast.
The ice beast is heavily wounded.
Throw: 33 stones
Press: ? - help, Q - select action, (/) - cycle Shift-Dir - straight line, f/p - ice beast
Aim: an ice beast (heavily wounded, haloed, 83% to hit)
You throw a stone.
The stone hits the ice beast but does no damage.
The ice beast is heavily wounded.
Throw: 32 stones
Press: ? - help, Q - select action, (/) - cycle Shift-Dir - straight line, f/p - ice beast
Aim: an ice beast (heavily wounded, haloed, 83% to hit)
You throw a stone. The stone hits the ice beast.
The ice beast is heavily wounded.
Throw: 31 stones
Press: ? - help, Q - select action, (/) - cycle Shift-Dir - straight line, f/p - ice beast
Aim: an ice beast (heavily wounded, haloed, 83% to hit)
You throw a stone. The stone hits the ice beast.
The ice beast is severely wounded.
You feel like a meek peon again.
You gain the combat prowess of a mighty hero.
The ice beast hits you.
* * * LOW HITPOINT WARNING * * *
The ice beast freezes you!
You die...

#.....<#
#.(....#
#.(....#
#......#
#......#
#.(....#
#.(....#
#.Y.)..#
#.@.)).#
#..<)..#
########


You could see an ice beast.

Vanquished Creatures
  Sigmund (D:4)
  A bullfrog zombie (D:5)
  A gnoll shaman (D:6)
  An orc wizard (D:4)
  A hound zombie (D:5)
  A hound skeleton (D:5)
  4 gnolls (D:6)
  3 adders
  An adder skeleton (D:5)
  A worm (D:4)
  A dart slug (D:3)
  8 orcs (D:4)
  8 ball pythons
  4 endoplasms
  4 giant cockroaches
  4 goblins
  A hobgoblin (D:2)
  2 jackals (D:2)
  A kobold (D:1)
  3 quokkas
  2 bats
  2 frilled lizards (D:2)
  3 rats
58 creatures vanquished.

Vanquished Creatures (others)
  A withered plant (D:5)
1 creature vanquished.

Grand Total: 59 creatures vanquished

Notes
Turn   | Place    | Note
-------+----------+-------------------------------------------
     0 | D:1      | anonymouscript the Spriggan Brigand began the quest for the
                  | Orb.
     0 | D:1      | Reached XP level 1. HP: 10/10 MP: 2/2
    48 | D:1      | Reached skill level 6 in Stealth
   484 | D:1      | Reached XP level 2. HP: 15/15 MP: 3/3
  1173 | D:2      | Found Faazem's Antique Weapon Boutique.
  1197 | D:3      | Noticed a water moccasin
  1199 | D:3      | Reached XP level 3. HP: 18/18 MP: 4/4
  1240 | D:3      | Found Zelem's Jewellery Shop.
  1250 | D:3      | Reached skill level 7 in Stealth
  2416 | D:2      | Learned a level 2 spell: Poisonous Vapours
  2819 | D:4      | Identified the +0 cloak of the Lily {Harm *Corrode rPois
                  | MP+9}
  2845 | D:4      | Reached XP level 4. HP: 23/23 MP: 5/5
  2932 | D:4      | Found an iron altar of Okawaru.
  2952 | D:4      | Became a worshipper of Warmaster Okawaru
  3006 | D:4      | Noticed Sigmund
  3205 | D:5      | Entered Level 5 of the Dungeon
  3297 | D:4      | Killed Sigmund
  3298 | D:4      | Reached XP level 5. HP: 17/26 MP: 5/9
  4014 | D:4      | Reached XP level 6. HP: 11/30 MP: 10/10
  4027 | D:4      | Learned a level 1 spell: Magic Dart
  4206 | D:4      | Learned a level 3 spell: Mephitic Cloud
  4427 | D:5      | Noticed a steam dragon
  4455 | D:6      | Reached skill level 1 in Poison Magic
  4459 | D:6      | Reached * piety under Okawaru
  4460 | D:6      | Reached skill level 1 in Air Magic
  4532 | D:6      | Noticed an ice beast
  4684 | D:6      | Slain by an ice beast

Illustrated notes

Levels and vault maps discovered:
D:1:      giann_horns, layout_loops_ring,
          hellmonk_ecumenical_altar_prayer_group, minmay_misc_feat_nine_boxes,
          dk_noncrumbling_2
D:2:      layout_basic, serial_shops, nicolae_shop_advertising_works
          [nicolae_subvault_shop_adworks], hangedman_abyss_or_decor_lesser_grid
D:3:      layout_rooms, tso_altar, serial_shops, nicolae_shop_crystal,
          skrybe_limestone_x, amcnicky_mini_rare_corridor_liquid
D:4:      layout_layer_cave, mainiacjoe_overflow_concentric_impassable,
          uniq_sigmund
D:5:      cheibrodos_iron_armory, layout_basic,
          mainiacjoe_overflow_small_starburst,
          chequers_temple_overflow_minitemple, minmay_temple_entry_crystal_x,
          serial_undead, serial_undead_b, serial_undead_b, serial_undead_c,
          serial_undead_a, chequers_serial_rivers_small_3, grunt_ministairs_15,
          minmay_pentangle
D:6:      layout_basic, mainiacjoe_overflow_cross_hatched,
          kennysheep_small_square

Skill      XL: |  1  2  3  4  5  6 |
---------------+-------------------+-----
Stealth        | 6 7 |  7.5
Dodging        | 2 3 |  3.7
Fighting       | 2 |  2.2
Short Blades   | 3 4 |  4.1
Throwing       | 3 |  3.0
Spellcasting   | 2 |  2.1
Poison Magic   | 1 |  1.3
Air Magic      | 1 |  1.0

Action                   |  1- 3 |  4- 6 || total
-------------------------+-------+-------++-------
Melee: Dagger            |   103 |   189 ||   292
Throw: Dart              |    48 |    20 ||    68
       Stone             |       |    14 ||    14
 Cast: Magic Dart        |       |    12 ||    12
       Poisonous Vapours |       |     1 ||     1
Invok: Heroism           |       |     2 ||     2
  Use: Scroll            |     5 |     2 ||     7
       Potion            |       |     3 ||     3
 Stab: Sleeping          |     9 |       ||     9
Armor: Robe              |    19 |    34 ||    53
Dodge: Dodged            |   104 |   231 ||   335

Table legend: (Time is in decaauts)
 A = Elapsed time spent in this place.
 B = Non-inter-level travel time spent in this place.
 C = Inter-level travel time spent in this place.
 D = Time resting spent in this place.
 E = Time spent auto-exploring this place.
 F = Levels seen in this place.
 G = Mean time per level.
                   A        B        C        D        E       F      G
               +--------+--------+--------+--------+--------+-----+--------+
         Total |   3561 |   3490 |     71 |    790 |   1627 |   6 |  593.5 |
       Dungeon |   3561 |   3490 |     71 |    790 |   1627 |   6 |  593.5 |
               +--------+--------+--------+--------+--------+-----+--------+

Top non-repeatable levels by time:
     D:4: 1393 daAuts
     D:2: 1066 daAuts
     D:1: 531 daAuts
     D:3: 255 daAuts
     D:6: 178 daAuts
     D:5: 135 daAuts
